 Dungeon Crawl Stone Soup version 0.23.2-1-ga50397a (webtiles) character file.

Game seed: 14481233448127500113

9212 dengdeng the Protected (level 11, 0/95 HPs)
             Began as a Hill Orc Berserker on May 6, 2019.
             Was a High Priest of Trog.
             Slain by a six-headed hydra (4 damage)
             ... on level 11 of the Dungeon.
             The game lasted 00:37:33 (10404 turns).

dengdeng the Protected (Hill Orc Berserker)        Turns: 10404, Time: 00:37:34

Health: 0/95       AC: 18    Str: 24    XL:     11   Next: 43%
Magic:  0/11       EV:  9    Int:  4    God:    Trog [*****.]
Gold:   417        SH:  0    Dex: 13    Spells: 10/10 levels left

rFire    + + .     SeeInvis .   n - +0 morningstar
rCold    . . .     Gourm    .   (no shield)
rNeg     + . .     Faith    .   S - +0 plate armour
rPois    .         Spirit   +   (no helmet)
rElec    .         Reflect  .   e - +0 cloak
rCorr    .         Harm     .   (no gloves)
MR       ++...                  o - +0 pair of boots
Stlth    ..........             C - amulet of guardian spirit
HPRegen  0.25/turn              x - ring of protection from magic
MPRegen  0.12/turn              P - ring "Luzalaenk" {rF++ rN+ MR+ Int-3 Dex+3}

@: berserk cooldown
A: no striking features
a: Berserk, Trog's Hand, Brothers in Arms, Renounce Religion


You were on level 11 of the Dungeon.
You worshipped Trog.
Trog was extremely pleased with you.
You were not hungry.

You visited 1 branch of the dungeon, and saw 10 of its levels.

You collected 417 gold pieces.

Inventory:

Hand Weapons
 a - a +0 hand axe
 n - a +0 morningstar (weapon)
 A - a +0 war axe
 J - the +0 scimitar of Pufrir {flame, +Blink rF+}
   (You found it on level 7 of the Dungeon)

   It has been specially enchanted to burn those struck by it, causing extra
   injury to most foes and up to half again as much damage against particularly
   susceptible opponents.
   Big, fiery blades are also staple armaments of hydra-hunters.
   It protects you from fire.
   It lets you blink.
 L - a +4 quarterstaff of chaos
 O - the +4 long sword "Igott" {vamp, Int+4 Dex+3}
   (You found it on level 7 of the Dungeon)

   It inflicts no extra harm, but heals its wielder when it wounds a living foe.
   It affects your intelligence (+4).
   It affects your dexterity (+3).
Missiles
 j - 408 stones (quivered)
 z - 6 poisoned tomahawks
 I - 13 tomahawks
Armour
 e - a +0 cloak (worn)
 o - a +0 pair of boots (worn)
 S - a +0 plate armour (worn)
Jewellery
 d - an uncursed ring of positive energy
 r - an uncursed ring of protection from fire
 w - an uncursed ring of poison resistance
 x - a ring of protection from magic (left hand)
 C - an amulet of guardian spirit (around neck)
 P - the ring "Luzalaenk" (right hand) {rF++ rN+ MR+ Int-3 Dex+3}
   (You found it on level 7 of the Dungeon)

   [ring of positive energy]

   It affects your intelligence (-3).
   It affects your dexterity (+3).
   It greatly protects you from fire.
   It protects you from negative energy.
   It affects your resistance to hostile enchantments.
Wands
 G - a wand of disintegration (23)
Scrolls
 b - 2 scrolls of remove curse
 f - 4 scrolls of enchant weapon
 g - 5 scrolls of identify
 h - 5 scrolls of teleportation
 l - 3 scrolls of enchant armour
 m - 3 scrolls of blinking {unknown}
 v - a scroll of fear {unknown}
 y - 4 scrolls of noise
 E - 2 scrolls of immolation {unknown}
 M - 3 scrolls of amnesia {unknown}
 Q - a scroll of magic mapping {unknown}
 T - a scroll of vulnerability {unknown}
Potions
 i - 2 potions of brilliance
 k - 3 potions of curing
 p - 2 potions of magic {unknown}
 q - a potion of flight {unknown}
 s - a potion of mutation {unknown}
 t - 2 potions of resistance {unknown}
 u - 2 potions of degeneration {unknown}
 B - a potion of agility {unknown}
 D - a potion of lignification {unknown}
 F - 4 potions of haste {unknown}
 H - 2 potions of cancellation {unknown}
 K - a potion of berserk rage {unknown}
 N - 2 potions of might {unknown}
Comestibles
 c - 12 rations
 R - 14 chunks of flesh


   Skills:
 + Level 8.6 Fighting
 + Level 7.3 Long Blades
 + Level 9.4(10.1) Axes
 + Level 5.1(7.7) Maces & Flails
 + Level 3.4(4.4) Staves
 + Level 0.9 Throwing
 * Level 12.2 Armour
 + Level 3.2 Dodging
 + Level 0.5 Stealth


You had 10 spell levels left.
You didn't know any spells.
Your spell library was empty.

Dungeon Overview and Level Annotations

Branches:
Dungeon (11/15)            Temple (0/1) D:4             Orc (0/2) D:11
   Lair: D:8-11

Altars:
Ashenzari
Elyvilon
Kikubaaqudgha
Makhleb
Okawaru
Qazlal
Ru
Trog
Uskayaw
Vehumet
Wu Jian
Xom
Zin

Shops:
D:6 [

Annotations:
D:8 1 transporter, exclusion: obsidian statue


Message History

* * * LOW HITPOINT WARNING * * *
The six-headed hydra bites you.
* * * LOW HITPOINT WARNING * * *
The six-headed hydra closely misses you.
The big kobold closely misses you.
You sock the six-headed hydra!
The six-headed hydra is moderately wounded.
The six-headed hydra bites you but does no damage.
The six-headed hydra bites you.
* * * LOW HITPOINT WARNING * * *
The six-headed hydra bites you but does no damage.
The six-headed hydra closely misses you.
The six-headed hydra bites you but does no damage.
The six-headed hydra bites you.
* * * LOW HITPOINT WARNING * * *
The big kobold hits you but does no damage.
You hit the six-headed hydra.
The six-headed hydra is moderately wounded.
The six-headed hydra bites you.
You die...

##......####.#####..##.#.#.#..#
##...###.≈.≈.÷PP#..##..#.##...
####..#...÷))≈P#..##.##.#..#.
##.##>.#.....P≈≈#..##.#.#.#..#
#...#..#..P..≈≈P#..##.#.##..#.
#......#.....P≈.#..#....#..#..
#......##'''###+#..###.....#.#
##.....#.....#K)# #..#.##...#
#...).#....(@D.# ####..##)## ###
##....########### #...#..#.)
#.###............^..## ##....####
#.##..................# #..#..# #
......................###.#..###.
.....................<##.########
..##.......................##....
####.......[..........##....#....
#####.....(........#....#.....


You could see a six-headed hydra and a big kobold.

Vanquished Creatures
  A two-headed ogre (D:11)
  An unseen horror (D:11)
  Pikel (D:6)
  A cyclops (D:11)
  A gargoyle (D:11)
  2 trolls (D:11)
  Prince Ribbit (D:6)
  2 dream sheep (D:11)
  14 yaks
  A hungry ghost (D:7)
  2 orc warriors (D:11)
  3 sky beasts
  2 ice beasts
  7 ogres
  A phantom (D:11)
  5 centaurs
  A crocodile (D:11)
  3 big kobolds
  2 bullfrogs
  3 scorpions
  5 killer bees (D:8)
  5 wights (D:8)
  2 howler monkeys (D:4)
  4 crimson imps
  A quasit (D:10)
  A jelly (D:4)
  2 orc priests (D:5)
  2 hounds
  Crazy Yiuf (D:6)
  A centaur skeleton (D:11)
  8 orc wizards
  An iguana (D:5)
  7 worker ants
  2 hound skeletons
  A worker ant zombie (D:8)
  4 gnolls (D:4)
  5 adders
  4 shadow imps
  An ooze (D:3)
  3 adder skeletons
  5 worms
  2 dart slugs
  8 leopard geckos
  31 orcs
  5 bats
  7 giant cockroaches
  10 goblins
  8 hobgoblins
  7 jackals
  8 kobolds
  2 quokkas
  6 frilled lizards
  A jackal zombie (D:7)
  A leopard gecko zombie (D:6)
  2 quokka skeletons (D:4)
  9 rats
226 creatures vanquished.

Notes
Turn   | Place    | Note
-------+----------+-------------------------------------------
     0 | D:1      | dengdeng the Hill Orc Berserker began the quest for the
                  | Orb.
     0 | D:1      | Reached XP level 1. HP: 19/19 MP: 1/1
   428 | D:1      | Reached XP level 2. HP: 27/27 MP: 2/2
  1121 | D:2      | Reached XP level 3. HP: 27/33 MP: 3/3
  1631 | D:2      | Found a white marble altar of Elyvilon.
  1886 | D:2      | Reached ** piety under Trog
  1886 | D:2      | Reached skill level 5 in Axes
  1948 | D:2      | Reached XP level 4. HP: 40/40 MP: 4/4
  1949 | D:2      | Found an ornate altar of the Wu Jian Council.
  2335 | D:3      | Reached skill level 1 in Maces & Flails
  2352 | D:3      | Found an ancient bone altar of Kikubaaqudgha.
  2392 | D:3      | Reached skill level 3 in Armour
  2392 | D:3      | Reached XP level 5. HP: 43/47 MP: 5/5
  2520 | D:3      | Found a sacrificial altar of Ru.
  2551 | D:3      | Found a hide-covered altar of Uskayaw.
  2552 | D:3      | Noticed a +0 dagger
  2552 | D:3      | Noticed a +0 dagger
  2704 | D:3      | Found a shattered altar of Ashenzari.
  2851 | D:3      | Found a bloodstained altar of Trog.
  3100 | D:4      | Noticed an ogre
  3101 | D:4      | Found a staircase to the Ecumenical Temple.
  3118 | D:4      | Killed an ogre
  3118 | D:4      | Reached skill level 5 in Fighting
  3118 | D:4      | Reached XP level 6. HP: 56/56 MP: 6/6
  3119 | D:4      | Reached skill level 4 in Armour
  3125 | D:4      | Reached *** piety under Trog
  3229 | D:4      | Reached XP level 7. HP: 55/61 MP: 7/7
  3474 | D:4      | Found a shimmering altar of Xom.
  3867 | D:4      | Found a glowing silver altar of Zin.
  3868 | D:4      | Found a burning altar of Makhleb.
  3869 | D:4      | Noticed an angel
  3871 | D:4      | Noticed a balrug
  4293 | D:5      | Entered Level 5 of the Dungeon
  4443 | D:5      | Reached skill level 5 in Maces & Flails
  4834 | D:5      | Found a radiant altar of Vehumet.
  4859 | D:5      | Reached skill level 5 in Armour
  5105 | D:5      | Reached XP level 8. HP: 25/70 MP: 8/8
  5372 | D:5      | Found an iron altar of Okawaru.
  5434 | D:5      | Reached **** piety under Trog
  5737 | D:6      | Noticed Prince Ribbit
  5760 | D:6      | Killed Prince Ribbit
  5760 | D:6      | Reached skill level 6 in Armour
  5986 | D:6      | Found a runed translucent door.
  5987 | D:6      | Noticed Crazy Yiuf
  5997 | D:6      | Killed Crazy Yiuf
  6140 | D:6      | Noticed Pikel
  6153 | D:6      | Killed Pikel
  6153 | D:6      | Reached skill level 1 in Staves
  6153 | D:6      | Reached skill level 7 in Armour
  6153 | D:6      | Reached XP level 9. HP: 51/78 MP: 9/9
  6356 | D:6      | Found an iron altar of Okawaru.
  6397 | D:6      | Found Cuuhuat's Antique Armour Shop.
  6867 | D:6      | Reached skill level 8 in Armour
  7305 | D:7      | Got an iridescent scimitar
  7306 | D:7      | Identified the cursed +0 scimitar of Pufrir {flame, +Blink
                  | rF+} (You found it on level 7 of the Dungeon)
  7368 | D:7      | Found a stormy altar of Qazlal.
  7427 | D:7      | Reached skill level 9 in Armour
  7431 | D:7      | Got an iridescent long sword
  7439 | D:7      | Identified the +4 long sword "Igott" {vamp, Int+4 Dex+3}
                  | (You found it on level 7 of the Dungeon)
  7577 | D:7      | Got a scorched silver ring
  7579 | D:7      | Identified the ring "Luzalaenk" {rF++ rN+ MR+ Int-3 Dex+3}
                  | (You found it on level 7 of the Dungeon)
  7775 | D:8      | Reached skill level 1 in Long Blades
  7832 | D:8      | Reached XP level 10. HP: 70/86 MP: 10/10
  8247 | D:8      | Reached ***** piety under Trog
  8290 | D:8      | Found a transporter.
  8303 | D:8      | Noticed an obsidian statue
  8305 | D:8      | Noticed a red ugly thing
  8305 | D:8      | Noticed a seven-headed hydra
  8470 | D:8      | You fall through a shaft for 2 floors!
  8470 | D:10     | Entered Level 10 of the Dungeon
  8621 | D:10     | You fall through a shaft!
  8930 | D:11     | Killed an unseen horror
  8930 | D:11     | Reached skill level 10 in Armour
  9242 | D:11     | Noticed a gargoyle
  9247 | D:11     | Noticed a cyclops
  9255 | D:11     | Killed a gargoyle
  9260 | D:11     | Killed a cyclops
  9265 | D:11     | Reached skill level 11 in Armour
  9273 | D:11     | Reached skill level 5 in Long Blades
  9476 | D:11     | Found a staircase to the Orcish Mines.
  9508 | D:11     | Reached XP level 11. HP: 94/94 MP: 8/11
  9859 | D:11     | Noticed a two-headed ogre
  9862 | D:11     | Found a white marble altar of Elyvilon.
  9875 | D:11     | Killed a two-headed ogre
 10157 | D:11     | Reached skill level 12 in Armour
 10393 | D:11     | Noticed a two-headed hydra
 10403 | D:11     | HP: 3/95 [six-headed hydra (4)]
 10404 | D:11     | Slain by a six-headed hydra

Skill      XL: |  1  2  3  4  5  6  7  8  9 10 11 |
---------------+----------------------------------+-----
Fighting       | 4 5 6 7 8 |  8.6
Dodging        | 2 3 |  3.2
Axes           | 5 6 9 |  9.4
Maces & Flails | 1 3 4 5 |  5.1
Armour         | 3 4 5 7 9 11 12 | 12.2
Staves         | 1 3 |  3.4
Long Blades    | 1 5 7 |  7.3
Throwing       | |  0.9
Stealth        | |  0.5

Action                   |  1- 3 |  4- 6 |  7- 9 | 10-12 || total
-------------------------+-------+-------+-------+-------++-------
Melee: Hand axe          |   119 |       |       |       ||   119
       Morningstar       |    23 |   178 |    17 |     4 ||   222
       War axe           |       |       |   143 |       ||   143
       Quarterstaff      |       |       |    86 |       ||    86
       Long sword        |       |       |    25 |   292 ||   317
       Scimitar          |       |       |    12 |       ||    12
Throw: Stone             |       |    20 |    15 |       ||    35
Invok: Berserk           |       |     2 |     2 |     5 ||     9
  Use: Scroll            |       |       |    11 |       ||    11
       Potion            |       |       |       |     2 ||     2
 Stab: Paralysed         |       |       |     1 |       ||     1
  Eat: Chunk             |     2 |     7 |    15 |     8 ||    32
       Ration            |       |       |     3 |     1 ||     4
Armor: Animal skin       |    16 |       |       |       ||    16
       Ring mail         |    13 |       |       |       ||    13
       Chain mail        |     3 |   232 |   222 |    95 ||   552
       Plate armour      |       |       |       |   260 ||   260
Dodge: Dodged            |    71 |   163 |   189 |   246 ||   669
       Rpst.: Long sword |       |       |    10 |    68 ||    78
